 Dungeon Crawl Stone Soup version 0.16.1-11-g651b585 (webtiles) character file.

4067 kobby the Protected (level 10, -1/79 HPs)
             Began as a Human Abyssal Knight on Mar 30, 2015.
             Was a High Priest of Lugonu.
             Slain by a wolf (2 damage)
             ... on level 8 of the Dungeon on Mar 31, 2015.
             The game lasted 00:39:37 (10456 turns).

kobby the Protected (Human Abyssal Knight)         Turns: 10456, Time: 00:39:37

Health: -1/79      AC: 18    Str: 15    XL:     10   Next: 49%
Magic:  13/13      EV:  6    Int: 12    God:    Lugonu [*****.]
Gold:   518        SH:  0    Dex: 14    Spells: 0 memorised, 9 levels left

rFire  . . .     SeeInvis .     b - +2 dagger (venom)
rCold  . . .     Clarity  .     h - +0 plate armour
rNeg   . . .     SustAb   .     (no shield)
rPois  .         Gourm    .     n - +0 helmet
rElec  .         Spirit   .     i - +0 cloak
rCorr  +         Warding  .     (no gloves)
rMut   .         Stasis   .     j - +0 pair of boots
MR     .....                    u - amulet of resist corrosion
Stlth  ..........               (no ring)
                                (no ring)

@: very slightly contaminated, invisible, not resistant to hostile enchantments,
extremely unstealthy
A: no striking features
a: Depart the Abyss, Bend Space, Banish, Corrupt, Enter the Abyss, Renounce
Religion


You were on level 8 of the Dungeon.
You worshipped Lugonu.
Lugonu was extremely pleased with you.
You were not hungry.

You visited 2 branches of the dungeon, and saw 9 of its levels.
You visited the Abyss 1 time.

You collected 518 gold pieces.

Inventory:

Hand weapons
 a - a +1 falchion
 b - a +2 dagger of venom (weapon)
 s - a +0 shortbow
 x - a +1 hand axe of electrocution
 C - a +0 vampiric short sword
Missiles
 t - 16 arrows
Armour
 f - a +0 helmet
 h - a +0 plate armour (worn)
 i - a +0 cloak (worn)
 j - a +0 pair of boots (worn)
 n - a +0 helmet (worn)
 w - a cursed +0 helmet
Jewellery
 k - an uncursed ring of fire
 u - an amulet of resist corrosion (around neck)
Magical devices
 y - a wand of cold (0)
Scrolls
 g - 2 scrolls of blinking
 l - 6 scrolls of identify
 o - 5 scrolls of remove curse {unknown}
 p - 2 scrolls of enchant weapon {unknown}
 q - a scroll of fear {unknown}
 v - a scroll of random uselessness {unknown}
Potions
 d - a potion of restore abilities
 m - 2 potions of poison {unknown}
 z - 3 potions of cure mutation
 B - 2 potions of might
Books
 c - a book of Frost

   Spells                             Type                      Level
   a - Freeze                         Ice                          1
   b - Throw Frost                    Conjuration/Ice              2
   c - Ozocubu's Armour               Charms/Ice                   3
   d - Throw Icicle                   Conjuration/Ice              4
   e - Summon Ice Beast               Ice/Summoning                4
   f - Condensation Shield            Ice                          4


   Skills:
 + Level 7.2 Fighting
 + Level 6.8(7.1) Short Blades
 + Level 3.0(5.3) Long Blades
 + Level 10.0 Armour
 + Level 3.7 Dodging
 + Level 2.2 Stealth
 + Level 2.0 Invocations


You had 9 spell levels left.
You didn't know any spells.

Dungeon Overview and Level Annotations

Branches:
Dungeon (8/15)             Temple (0/1) D:5            Lair (1/8) D:8

Altars:
Ashenzari
Nemelex Xobeh
Zin

Annotations:
D:4 Zigurun's ghost, average DsWz
D:5 EmilioHeskey's ghost, experienced OpBe


Message History

The bolt of cold hits the wolf.
The wolf is almost dead.
Evoking this partially-identified wand wasted a few charges.
The wolf bites you but does no damage. The wolf closely misses you.
The wolf bites you but does no damage. x3
The wolf completely misses you.
Evoke which item? (* to show all) (? for menu, Esc to quit)
Zapping:
y - a wand of cold {zapped: 8} (will waste charges)
Press: ? - help, Shift-Dir - straight line, f/p - wolf
Aim: a wolf (almost dead) Nothing appears to happen.
The wolf bites you.
* * * LOW HITPOINT WARNING * * *
The wolf barely misses you. The wolf bites you but does no damage.
The wolf barely misses you. The wolf closely misses you.
Drink which item? (? for menu, Esc to quit)
It was a potion of cure mutation.
It has a very clean taste.
The wolf closely misses you. The wolf bites you.
* * * LOW HITPOINT WARNING * * *
The wolf barely misses you. The wolf bites you.
You die...

############ ########
...........# #.......
##########)###############.######
# ####..(..............# #
#...(((.(############# #####
#.######(#@###### ....###.#
#>hhh....# ........# ########.#
###.##..# #.# ###.##..# #.# #####
..#.##..# #.# #<... ..#.....# #.#
#.### ..####.## #.# ###.###
.....#.# ####.#####......


You could see 3 wolves.

Vanquished Creatures
  A spiny frog (Lair:1)
  A komodo dragon (D:8)
  A hungry ghost (D:8)
  A wyvern (D:8)
  2 water moccasins
  A porcupine (Lair:1)
  A sky beast (D:7)
  4 centaurs
  A black bear (D:6)
  2 orc warriors (D:8)
  3 ice beasts
  2 ogres
  2 phantoms (D:5)
  2 crocodiles (Lair:1)
  Blork the orc (D:5)
  A big kobold (D:8)
  4 giant frogs
  2 scorpions (D:5)
  A water moccasin skeleton (D:6)
  A jelly (D:8)
  2 crimson imps
  A goliath beetle (D:7)
  A giant frog zombie (D:8)
  3 orc priests
  5 hounds
  3 orc wizards
  4 worker ants
  4 iguanas
  A hound zombie (D:5)
  3 worker ant zombies
  Robin (D:2)
  8 adders
  2 giant mites
  3 worms
  An adder skeleton (D:7)
  An adder zombie (D:6)
  4 giant geckos
  4 oozes
  20 orcs
  A ball python (D:1)
  5 giant cockroaches
  19 hobgoblins
  3 jackals (D:4)
  4 quokkas
  13 bats
  A giant cockroach zombie (D:5)
  4 giant newts
  21 goblins
  15 kobolds
  8 rats
199 creatures vanquished.

Vanquished Creatures (others)
  An orc wizard (D:6)
  A giant spore (D:6)
2 creatures vanquished.

Grand Total: 201 creatures vanquished

Notes
Turn   | Place    | Note
--------------------------------------------------------------
     0 | Abyss:1  | kobby, the Human Abyssal Knight, began the quest for the Orb.
     0 | Abyss:1  | Reached XP level 1. HP: 18/18 MP: 1/1
    17 | D:1      | Escaped the Abyss
   167 | D:1      | Reached XP level 2. HP: 22/24 MP: 2/2
   465 | D:1      | Acquired Lugonu's second power
   772 | D:2      | Noticed Robin
   789 | D:1      | Reached XP level 3. HP: 7/29 MP: 3/3
  1543 | D:2      | Killed Robin
  1697 | D:2      | Reached XP level 4. HP: 37/37 MP: 5/5
  2011 | D:2      | Acquired Lugonu's third power
  2750 | D:3      | Reached XP level 5. HP: 42/42 MP: 6/6
  3212 | D:4      | Acquired Lugonu's fourth power
  3309 | D:4      | You fall through a shaft!
  3309 | D:5      | Entered Level 5 of the Dungeon
  3349 | D:4      | Reached skill level 1 in Stealth
  3356 | D:4      | Noticed Zigurun's ghost (average DsWz)
  3637 | D:5      | Found a staircase to the Ecumenical Temple.
  3696 | D:5      | Noticed an ogre
  3712 | D:5      | Reached XP level 6. HP: 48/48 MP: 7/7
  3720 | D:5      | Killed an ogre
  3720 | D:5      | Reached skill level 1 in Short Blades
  3720 | D:5      | Reached skill level 4 in Armour
  3910 | D:5      | Noticed a centaur
  3941 | D:5      | Killed a centaur
  3941 | D:5      | Reached XP level 7. HP: 11/55 MP: 9/9
  4182 | D:5      | Noticed EmilioHeskey's ghost (experienced OpBe)
  4266 | D:5      | Reached skill level 5 in Armour
  4538 | D:5      | Noticed a phantom
  4629 | D:5      | Killed a phantom
  4957 | D:5      | Noticed Blork the orc
  4968 | D:5      | Killed Blork the orc
  4968 | D:5      | Reached XP level 8. HP: 28/61 MP: 10/10
  5353 | D:5      | Reached skill level 6 in Armour
  5444 | D:5      | Reached skill level 5 in Fighting
  5475 | D:6      | Found a glowing silver altar of Zin.
  5807 | D:6      | Found a shattered altar of Ashenzari.
  5993 | D:6      | Acquired Lugonu's fifth power
  6195 | D:6      | Reached skill level 7 in Armour
  6695 | D:7      | Reached XP level 9. HP: 62/68 MP: 11/11
  7372 | D:8      | Noticed a komodo dragon
  7383 | D:8      | HP: 2/69 [komodo dragon (26)]
  7413 | D:8      | Killed a komodo dragon
  7655 | D:8      | Reached skill level 8 in Armour
  7668 | D:8      | Reached skill level 5 in Short Blades
  8607 | D:8      | Found a sparkling altar of Nemelex Xobeh.
  8618 | D:8      | Reached skill level 9 in Armour
  8654 | D:8      | Reached XP level 10. HP: 77/77 MP: 13/13
  8889 | D:8      | Found a staircase to the Lair.
  9583 | Lair:1   | Entered Level 1 of the Lair of Beasts
 10262 | Lair:1   | Noticed a spiny frog
 10301 | Lair:1   | Killed a spiny frog
 10364 | Lair:1   | Reached skill level 10 in Armour
 10455 | D:8      | HP: 3/79 [wolf (6)]
 10456 | D:8      | HP: 1/79 [wolf (2)]
 10456 | D:8      | Slain by a wolf

Action                   |  1- 3 |  4- 6 |  7- 9 | 10-12 || total
-------------------------+-------+-------+-------+-------++-------
Melee: Falchion          |    82 |       |       |       ||    82
       Dagger            |    25 |   209 |   845 |   253 ||  1332
Evoke: Wand              |       |       |       |     3 ||     3
  Use: Potion            |     1 |     1 |     9 |     4 ||    15
       Scroll            |     3 |       |     5 |       ||     8
 Stab: Distracted        |     1 |       |       |       ||     1
  Eat: Bread ration      |     1 |     1 |     2 |     2 ||     6
       Beef jerky        |     1 |       |       |       ||     1
       Meat ration       |       |       |     1 |       ||     1
       Fruit             |       |       |     1 |       ||     1
       Pizza             |       |       |     1 |       ||     1
